EL
TRENTON THUNDER @ JACKSON GENERALS
05/29/2048
 
TOP OF THE 1ST
Trenton Thunder batting - Pitching for Jackson Generals : LHP Andy Mathis
Pitching: LHP Andy Mathis
Batting: RHB Bryan Westray 0-0: Swinging Strike
0-1: Ball
1-1: Swinging Strike
1-2: Strikes out swinging
Batting: RHB Tim Osborn 0-0: Ball
1-0: Hit by Pitch
Batting: RHB Sam Hubbert 0-0: Ball
1-0: Called Strike
1-1: Fly out, F7 (Flyball, 78S, EV 94.4 MPH)
Batting: RHB Greg Harden 0-0: Fly out, F9 (Flyball, 89D, EV 85.6 MPH)
Top of the 1st over - 0 runs, 0 hits, 0 errors, 1 left on base; Trenton 0 - Jackson 0
BOTTOM OF THE 1ST
Jackson Generals batting - Pitching for Trenton Thunder : LHP Nick Turner
Pitching: LHP Nick Turner
Batting: RHB Tomokazu Sugimoto 0-0: Fly out, F4 (Line Drive, 4M, EV 69.4 MPH)
Batting: RHB Ryan Criollo 0-0: Ball
1-0: Ball
2-0: DOUBLE (Line Drive, 9LM, EV 109.4 MPH)
Batting: RHB Julian Gregory 0-0: Ball
1-0: Ground out 3-1 (Groundball, 34, EV 83.1 MPH)
Ryan Criollo to third
Batting: RHB Mike Conaway 0-0: Ball
1-0: Foul Ball, location: 2F
1-1: Ball
2-1: Fly out, F7 (Line Drive, 7, EV 85.6 MPH)
Bottom of the 1st over - 0 runs, 1 hit, 0 errors, 1 left on base; Trenton 0 - Jackson 0
TOP OF THE 2ND
Trenton Thunder batting - Pitching for Jackson Generals : LHP Andy Mathis
Batting: RHB Alex Colon 0-0: Ball
1-0: Ground out U3 (Groundball, 3, EV 84.4 MPH)
Batting: LHB Jared Zulkowski 0-0: Foul Ball, location: 2F
0-1: Ball
1-1: Ball
2-1: Fly out, F7 (Flyball, 7D, EV 93.1 MPH)
Batting: SHB David Stewart 0-0: Ball
1-0: SINGLE (Groundball, 4M, EV 96.2 MPH)
Batting: SHB Houston Phillips 0-0: Called Strike
0-1: Called Strike
0-2: Ball
1-2: Foul Ball, location: 2F
1-2: Ball
2-2: Fielders Choice at 2nd, 6-4 (Groundball, 6, EV 108.1 MPH)
Top of the 2nd over - 0 runs, 1 hit, 0 errors, 1 left on base; Trenton 0 - Jackson 0
BOTTOM OF THE 2ND
Jackson Generals batting - Pitching for Trenton Thunder : LHP Nick Turner
Batting: RHB Adan Lake 0-0: Ball
1-0: Ball
2-0: Ground out 3-1 (Groundball, 34, EV 84.4 MPH)
Batting: RHB Ching-hsia Zhang 0-0: SINGLE (Groundball, 34S, EV 68.1 MPH) (infield hit)
Batting: RHB Egidius Kruger 0-0: Called Strike
0-1: Ball
Ching-hsia Zhang is caught stealing 2nd base 2-4
1-1: Ball
2-1: Called Strike
2-2: Foul Ball, location: 2F
2-2: Foul Ball, location: 2F
2-2: Ground out 5-3 (Groundball, 5L, EV 108.8 MPH)
Bottom of the 2nd over - 0 runs, 1 hit, 0 errors, 0 left on base; Trenton 0 - Jackson 0
TOP OF THE 3RD
Trenton Thunder batting - Pitching for Jackson Generals : LHP Andy Mathis
Batting: RHB Ben Kidder 0-0: Foul Ball, location: 2F
0-1: Ball
1-1: Foul Ball, location: 2F
1-2: Ball
2-2: SINGLE (Groundball, 6S, EV 67.5 MPH) (infield hit)
Batting: RHB Bryan Westray 0-0: SINGLE (Line Drive, 89S, EV 88.8 MPH)
Ben Kidder to second
Batting: RHB Tim Osborn 0-0: Called Strike
0-1: Fielders Choice at 2nd, 5-4 (Groundball, 56S, EV 91.2 MPH)
Ben Kidder to third
Batting: RHB Sam Hubbert 0-0: Called Strike
0-1: Ball
1-1: Ball
2-1: Foul Ball, location: 2F
2-2: Foul Ball, location: 2F
2-2: Grounds into double play, 5-4-3 (Groundball, 56S, EV 86.9 MPH)
Top of the 3rd over - 0 runs, 2 hits, 0 errors, 1 left on base; Trenton 0 - Jackson 0
BOTTOM OF THE 3RD
Jackson Generals batting - Pitching for Trenton Thunder : LHP Nick Turner
Batting: RHB Justin Colella 0-0: Foul Ball, location: 2F
0-1: Ground out U3 (Groundball, 3S, EV 63.8 MPH)
Batting: LHB Brent Dutcher 0-0: Ball
1-0: Ground out 6-3 (Groundball, 4MS, EV 66.9 MPH)
Batting: RHB Tomokazu Sugimoto 0-0: Ball
1-0: Foul Ball, location: 2F
1-1: Ball
2-1: Ball
3-1: Foul Ball, location: 2F
3-2: Ground out 6-3 (Groundball, 6, EV 94.4 MPH)
Bottom of the 3rd over - 0 runs, 0 hits, 0 errors, 0 left on base; Trenton 0 - Jackson 0
TOP OF THE 4TH
Trenton Thunder batting - Pitching for Jackson Generals : LHP Andy Mathis
Batting: RHB Greg Harden 0-0: SINGLE (Groundball, 6D, EV 96.9 MPH)
Batting: RHB Alex Colon 0-0: Ball
1-0: Foul Ball, location: 2F
1-1: Foul Ball, location: 2F
1-2: Ball
2-2: Ball
3-2: Grounds into double play, 5-4-3 (Groundball, 56S, EV 81.9 MPH)
Batting: LHB Jared Zulkowski 0-0: SINGLE (Groundball, 4, EV 98.1 MPH)
Batting: SHB David Stewart 0-0: Called Strike
0-1: Ball
Pickoff Throw to First - Out! 1-3
Top of the 4th over - 0 runs, 2 hits, 0 errors, 0 left on base; Trenton 0 - Jackson 0
BOTTOM OF THE 4TH
Jackson Generals batting - Pitching for Trenton Thunder : LHP Nick Turner
Batting: RHB Ryan Criollo 0-0: Ground out 6-3 (Groundball, 6S, EV 88.8 MPH)
Batting: RHB Julian Gregory 0-0: Ball
1-0: Called Strike
1-1: Ground out 4-3 (Groundball, 34, EV 91.2 MPH)
Batting: RHB Mike Conaway 0-0: Swinging Strike
0-1: Ball
1-1: Called Strike
1-2: Ball
2-2: Foul Ball, location: 2F
2-2: Foul Ball, location: 2F
2-2: Ground out 5-3 (Groundball, 56S, EV 81.2 MPH)
Bottom of the 4th over - 0 runs, 0 hits, 0 errors, 0 left on base; Trenton 0 - Jackson 0
TOP OF THE 5TH
Trenton Thunder batting - Pitching for Jackson Generals : LHP Andy Mathis
Batting: SHB David Stewart 0-0: Fly out, F8 (Flyball, 78D, EV 101.9 MPH)
Batting: SHB Houston Phillips 0-0: Called Strike
0-1: Ball
1-1: Swinging Strike
1-2: Ball
2-2: SINGLE (Groundball, 4M, EV 76.2 MPH) (infield hit)
Batting: RHB Ben Kidder 0-0: Called Strike
0-1: Ball
1-1: Swinging Strike
1-2: Grounds into double play, 2-4-3 (Groundball, 15S, EV 65.6 MPH)
Top of the 5th over - 0 runs, 1 hit, 0 errors, 0 left on base; Trenton 0 - Jackson 0
BOTTOM OF THE 5TH
Jackson Generals batting - Pitching for Trenton Thunder : LHP Nick Turner
Batting: RHB Adan Lake 0-0: Fly out, F7 (Flyball, 78M, EV 91.2 MPH)
Batting: RHB Ching-hsia Zhang 0-0: Swinging Strike
0-1: Ground out 4-3 (Groundball, 4, EV 82.5 MPH)
Batting: RHB Egidius Kruger 0-0: Ground out 6-3 (Groundball, 6, EV 84.4 MPH)
Bottom of the 5th over - 0 runs, 0 hits, 0 errors, 0 left on base; Trenton 0 - Jackson 0
TOP OF THE 6TH
Trenton Thunder batting - Pitching for Jackson Generals : LHP Andy Mathis
Batting: RHB Bryan Westray 0-0: Ball
1-0: Ball
2-0: Ball
3-0: Called Strike
3-1: Ground out 4-3 (Groundball, 4M, EV 86.2 MPH)
Batting: RHB Tim Osborn 0-0: SINGLE (Groundball, 4M, EV 99.4 MPH) (infield hit)
Batting: RHB Sam Hubbert 0-0: Grounds into double play, 4-6-3 (Groundball, 34, EV 76.9 MPH)
Top of the 6th over - 0 runs, 1 hit, 0 errors, 0 left on base; Trenton 0 - Jackson 0
BOTTOM OF THE 6TH
Jackson Generals batting - Pitching for Trenton Thunder : LHP Nick Turner
Batting: RHB Justin Colella 0-0: Called Strike
0-1: Called Strike
0-2: Ball
1-2: Ball
2-2: Foul Ball, location: 2F
2-2: Ground out 4-3 (Groundball, 4D, EV 86.2 MPH)
Batting: LHB Brent Dutcher 0-0: Ball
1-0: Foul Ball, location: 2F
1-1: Ground out 6-3 (Groundball, 6, EV 93.8 MPH)
Batting: RHB Tomokazu Sugimoto 0-0: Foul Ball, location: 2F
0-1: Foul Ball, location: 2F
0-2: Ground out 5-3 (Groundball, 56, EV 99.4 MPH)
Bottom of the 6th over - 0 runs, 0 hits, 0 errors, 0 left on base; Trenton 0 - Jackson 0
TOP OF THE 7TH
Trenton Thunder batting - Pitching for Jackson Generals : LHP Andy Mathis
Batting: RHB Greg Harden 0-0: Called Strike
0-1: Ball
1-1: Ball
2-1: Foul Ball, location: 2F
2-2: Ball
3-2: Foul Ball, location: 2F
3-2: Foul Ball, location: 2F
3-2: Ground out 5-3 (Groundball, 56, EV 84.4 MPH)
Batting: RHB Alex Colon 0-0: Ground out U3 (Groundball, 3S, EV 88.1 MPH)
Batting: LHB Jared Zulkowski 0-0: Ball
1-0: Foul Ball, location: 2F
1-1: SINGLE (Groundball, 34D, EV 102.5 MPH)
Batting: SHB David Stewart 0-0: Called Strike
0-1: Foul Ball, location: 2F
0-2: Ball
1-2: Ball
2-2: Fielders Choice at 2nd, U4 (Groundball, 4M, EV 83.1 MPH)
Top of the 7th over - 0 runs, 1 hit, 0 errors, 1 left on base; Trenton 0 - Jackson 0
BOTTOM OF THE 7TH
Jackson Generals batting - Pitching for Trenton Thunder : LHP Nick Turner
Batting: RHB Ryan Criollo 0-0: Ground out U3 (Groundball, 34S, EV 92.5 MPH)
Batting: RHB Julian Gregory 0-0: Fly out, F8 (Flyball, 8LM, EV 92.5 MPH)
Batting: RHB Mike Conaway 0-0: SINGLE (Groundball, 5S, EV 71.9 MPH) (infield hit)
Batting: RHB Adan Lake 0-0: Called Strike
0-1: Ball
1-1: Ball
2-1: Ground out 1-3 (Groundball, 15S, EV 68.1 MPH)
Bottom of the 7th over - 0 runs, 1 hit, 0 errors, 1 left on base; Trenton 0 - Jackson 0
TOP OF THE 8TH
Trenton Thunder batting - Pitching for Jackson Generals : LHP Andy Mathis
Pitching: RHP Bill Porter
Batting: SHB Houston Phillips 0-0: Ball
1-0: Foul Ball, location: 2F
1-1: Ball
2-1: SINGLE (Groundball, 4M, EV 103.8 MPH) (infield hit)
Pinch Hitting: RHB Javier Umanzor 0-0: Called Strike
0-1: Ball
1-1: Called Strike
1-2: Ball
2-2: Ball
3-2: Foul Ball, location: 2F
3-2: Base on Balls
Houston Phillips to second
Batting: RHB Bryan Westray 0-0: Fly out, F8 (Flyball, 8LD, EV 108.1 MPH)
Pinch Runner at 2nd Roberto Tena:
Batting: RHB Tim Osborn 0-0: Called Strike
0-1: Called Strike
0-2: Ball
1-2: Foul Ball, location: 2F
1-2: Ball
2-2: Ball
3-2: Base on Balls
Roberto Tena to third
Javier Umanzor to second
Batting: RHB Sam Hubbert 0-0: Hit by Pitch
Roberto Tena scores
Javier Umanzor to third
Tim Osborn to second
Batting: RHB Greg Harden 0-0: DOUBLE (Flyball, 89D, EV 103.1 MPH)
Javier Umanzor scores
Tim Osborn scores
Sam Hubbert to third
Runner from 3rd tries for Home, SAFE, no throw by CF
Pitching: RHP Raul Lopez
Batting: RHB Alex Colon 0-0: Called Strike
0-1: Fly out, F8 (Flyball, 8RXD, EV 90.0 MPH)
Runner from 2nd tags up, SAFE at 3rd, no throw by CF
Batting: LHB Jared Zulkowski 0-0: Ball
1-0: Called Strike
1-1: Ball
2-1: Swinging Strike
2-2: Fly out, F8 (Flyball, 89D, EV 95.0 MPH)
Top of the 8th over - 4 runs, 2 hits, 0 errors, 1 left on base; Trenton 4 - Jackson 0
BOTTOM OF THE 8TH
Jackson Generals batting - Pitching for Trenton Thunder : LHP Nick Turner
Now at 3B: Christian Shearer
Now at SS: Roberto Tena
Batting: RHB Ching-hsia Zhang 0-0: Ground out 1-3 (Groundball, 34S, EV 65.0 MPH)
Batting: RHB Egidius Kruger 0-0: Ground out 1-3 (Groundball, 15S, EV 69.4 MPH)
Batting: RHB Justin Colella 0-0: Fly out, F8 (Flyball, 89D, EV 100.6 MPH)
Bottom of the 8th over - 0 runs, 0 hits, 0 errors, 0 left on base; Trenton 4 - Jackson 0
TOP OF THE 9TH
Trenton Thunder batting - Pitching for Jackson Generals : RHP Raul Lopez
Batting: SHB David Stewart 0-0: Ball
1-0: Called Strike
1-1: Foul Ball, location: 2F
1-2: Foul Ball, location: 2F
1-2: DOUBLE (Line Drive, 9LS, EV 95.0 MPH)
Batting: RHB Roberto Tena 0-0: Called Strike
0-1: Ball
1-1: Ground out 5-3 (Groundball, 56S, EV 73.8 MPH)
David Stewart to third
Batting: RHB Christian Shearer 0-0: Called Strike
0-1: Ball
1-1: Ball
2-1: Called Strike
2-2: Ground out 4-3 (Groundball, 34, EV 103.1 MPH)
David Stewart scores
Batting: RHB Bryan Westray 0-0: Ball
1-0: Called Strike
1-1: Ground out 6-3 (Groundball, 6, EV 87.5 MPH)
Top of the 9th over - 1 run, 1 hit, 0 errors, 0 left on base; Trenton 5 - Jackson 0
BOTTOM OF THE 9TH
Jackson Generals batting - Pitching for Trenton Thunder : LHP Nick Turner
Batting: LHB Brent Dutcher 0-0: Ball
1-0: Called Strike
1-1: Ball
2-1: Swinging Strike
2-2: Ball
3-2: Foul Ball, location: 2F
3-2: Base on Balls
Batting: RHB Tomokazu Sugimoto 0-0: Ball
1-0: Ball
2-0: Called Strike
2-1: Foul Ball, location: 2F
2-2: Ball
3-2: Foul Ball, location: 2F
3-2: Fielders Choice at 2nd, 6-4 (Groundball, 6, EV 78.1 MPH)
Batting: RHB Ryan Criollo 0-0: Ball
1-0: Ground out 6-3 (Groundball, 6S, EV 66.2 MPH)
Tomokazu Sugimoto to second
Batting: RHB Julian Gregory 0-0: Called Strike
0-1: Ball
1-1: Hit by Pitch
Batting: RHB Mike Conaway 0-0: Foul Ball, location: 2F
0-1: Ball
1-1: Ball
2-1: Ball
3-1: Foul Ball, location: 2F
3-2: Foul Ball, location: 2F
3-2: Fly out, F5 (Popup, 56D, EV 75.6 MPH)
Bottom of the 9th over - 0 runs, 0 hits, 0 errors, 2 left on base; Trenton 5 - Jackson 0
Tuesday, March 28th , 2023 - OOTP Baseball 23.10 Build 110